 Dungeon Crawl Stone Soup version 0.32-a0-422-g28b100f618 (webtiles) character file.

Game seed: 16383364731502894259

25 Xavori the Trooper (level 3, 30/30 HPs)
             Began as a Djinni Chaos Knight on Feb 22, 2024.
             Was a Plaything of Xom.
             Quit the game on level 1 of the Dungeon.
             The game lasted 00:01:07 (8975 turns).

Xavori the Trooper (Djinni Chaos Knight)            Turns: 8975, Time: 00:01:07

Health: 30/30      AC:  4    Str: 10    XL:     3   Next: 17%
Gold:   37         EV: 12    Int: 10    God:    Xom [..*...] SH:  0 Dex: 18

rFire   + + .        a - +0 falchion (chaos)
rCold   x . .        (no shield)
rNeg    + . .        b - +2 leather armour
rPois   ∞            (no helmet)
rElec   .            f - +0 cloak
rCorr   .            (no gloves)
SInv    .            (boots unavailable)
Will    .....        g - amulet of regeneration
Stlth   +            h - ring of positive energy
HPRegen 1.05/turn    (no ring)
MPRegen 0.00/turn

%: random rage (3%)
@: flying
A: sickness immunity, fire resistance 2, cold vulnerability 1, float, innate
caster, HP casting, extra vitality 1, agile 1, berserk 1, deformed body, dopey
1, sense surroundings 1, teleportitis 1, evolution 2, MP-powered wands
a: Renounce Religion


You were on level 1 of the Dungeon.
You worshipped Xom.
You were a toy of Xom.
You visited 1 branch of the dungeon, and saw 2 of its levels.

You collected 37 gold pieces.

Inventory:

Hand Weapons
 a - a +0 falchion of chaos (weapon)
Armour
 b - a +2 leather armour (worn)
 f - a +0 cloak (worn)
Jewellery
 g - an amulet of regeneration (around neck)
 h - a ring of positive energy (left hand)
Scrolls
 c - a scroll of butterflies
 d - a scroll of teleportation {unknown}
Potions
 e - a potion of magic {unknown}
 i - a potion of mutation {unknown}


   Skills:
 + Level 3.1 Fighting
 + Level 2.8 Long Blades
 + Level 1.3 Armour
 + Level 2.4 Dodging
 * Level 1.0 Spellcasting
 * Level 1.0 Conjurations
 * Level 1.0 Hexes
   Level 0.0 Charms
 * Level 1.0 Summonings
 * Level 1.0 Necromancy
 * Level 1.0 Translocations
   Level 0.0 Transmutations
 * Level 1.0 Fire Magic
 * Level 1.0 Ice Magic
 * Level 1.0 Air Magic
 * Level 1.0 Earth Magic
 * Level 1.0 Alchemy


You knew the following spells:

 Your Spells              Type           Power      Damage    Failure   Level
a - Apportation           Tloc           4%         N/A       30%         1
Your spell library was empty.

Dungeon Overview and Level Annotations

Branches:
Dungeon (2/15)

Altars:


Innate Abilities, Weirdness & Mutations

You are immune to sickness and miasma.
You are immune to poison.
Your flesh is very heat resistant. (rF++)
You are vulnerable to cold. (rC-)
You float through the air rather than walking.
You learn spells naturally, not from books.
Your magical power is your life essence.
You have superior vitality. (+4 MHP)
You are agile. (Dex +4, Str/Int -1)
You sometimes lose your temper in combat.
Armour fits poorly on your strangely shaped body.
You are dopey. (Int -2)
You passively map a small area around you.
You are occasionally teleported next to monsters.
You have great hidden genetic potential.
You expend health (3 HP) to strengthen your wands.


Message History

Done waiting.
You fly upwards.
There is a stone staircase leading down here.
You start waiting.
Done waiting.
You start waiting.
Done waiting.
You start waiting.
Done waiting.
You start waiting.
Done waiting.
You start waiting.
Done waiting.
You start waiting.
You almost hear Xom's maniacal laughter.
Your cloak billows in an unfelt wind.
You start waiting.
Done waiting.
You start waiting.
Xom is getting BORED.
You start waiting.
Xom is getting BORED.
You start waiting.
Xom is getting BORED.
You start waiting.
You are now a BORING thing.
You start waiting.
Xom's power brushes against you for a moment.
Your body is suffused with distortional energy.
You feel a little pissed off.
You feel agile.
You feel clumsy.
You feel weirdly uncertain.
You are now a toy of Xom.
You start waiting.
Done waiting.
You start waiting.
Done waiting.
Are you sure you want to abandon this character and quit the game? (Confirm with "yes".)
Okay, then.
Unknown command.
Are you sure you want to abandon this character and quit the game? (Confirm with "yes".)

#.# #......>....#
#.###.#########.####
......# #.......#
####.## #.##.##.#
###...######.##.##.#
.............##.##.#
..#...#.###..##.##.#
..##....# #......#.#
..####..###.....@..#
..####......###..###
..........### #..#
.#####..### #..#
.#####..# #..##
........# ####...###
######.## #........#
#.# #.##...#.# #.#
#.######.#


There were no monsters in sight!

Vanquished Creatures
  A ball python (D:1)
  An endoplasm (D:1)
  A giant cockroach (D:1)
  A goblin (D:1)
  2 hobgoblins (D:1)
  2 bats (D:1)
  A frilled lizard (D:1)
  2 kobolds (D:1)
  3 rats (D:1)
14 creatures vanquished.

Notes
Turn   | Place    | Note
-------+----------+-------------------------------------------
     0 | D:1      | Xavori the Djinni Chaos Knight began the quest for the Orb.
     0 | D:1      | Reached XP level 1. HP: 20/20 MP: 0/0
    78 | D:1      | Reached XP level 2. HP: 25/25 MP: 0/0
   369 | D:1      | XOM: 3-stop teleportation journey
   421 | D:1      | XOM: 3-stop teleportation journey
   430 | D:1      | XOM: silly message
   478 | D:1      | Found a faded altar of an unknown god.
   525 | D:1      | Reached XP level 3. HP: 30/30 MP: 0/0
   525 | D:1      | Learned a level 1 spell: Apportation
   583 | D:1      | Reached skill level 1 in Spellcasting
   583 | D:1      | Reached skill level 1 in Conjurations
   583 | D:1      | Reached skill level 1 in Hexes
   583 | D:1      | Reached skill level 1 in Summonings
   583 | D:1      | Reached skill level 1 in Necromancy
   583 | D:1      | Reached skill level 1 in Translocations
   583 | D:1      | Reached skill level 1 in Fire Magic
   583 | D:1      | Reached skill level 1 in Ice Magic
   583 | D:1      | Reached skill level 1 in Air Magic
   583 | D:1      | Reached skill level 1 in Earth Magic
   583 | D:1      | Reached skill level 1 in Alchemy
  1068 | D:1      | XOM: silly message
  1444 | D:1      | XOM: divination: detect creatures
  1611 | D:1      | XOM: noise
  1800 | D:1      | XOM: cloud trail
  1801 | D:1      | XOM: god gift: 20 gold pieces
  2655 | D:1      | XOM is BORED!
  2655 | D:1      | XOM: give mutations
  2655 | D:1      | Gained mutation: You occasionally lose the ability to read
                  | scrolls when taking damage. [Xom's mischief]
  2655 | D:1      | Gained mutation: Your movements are slightly less
                  | encumbered by armour. (ER -2) [Xom's mischief]
  2655 | D:1      | Lost mutation: Your movements are slightly less encumbered
                  | by armour. (ER -2) [Xom's mischief]
  2655 | D:1      | Gained mutation: You have hidden genetic potential. [Xom's
                  | mischief]
  3019 | D:1      | XOM: divination: detect items
  3027 | D:1      | XOM: summons 2 hostile demons
  3633 | D:1      | XOM: noise
  3731 | D:1      | XOM: give mutations
  3731 | D:1      | Gained mutation: Armour fits poorly on your strangely
                  | shaped body. [Xom's mischief]
  3731 | D:1      | Gained mutation: You are dopey. (Int -2) [Xom's mischief]
  3798 | D:1      | XOM: cloud trail
  4014 | D:1      | XOM: cloud trail
  4762 | D:1      | XOM: give mutations
  4762 | D:1      | Gained mutation: You are agile. (Dex +4, Str/Int -1) [Xom's
                  | grace]
  4762 | D:1      | Gained mutation: You expend health (3 HP) to strengthen
                  | your wands. [Xom's grace]
  4762 | D:1      | Gained mutation: You have great hidden genetic potential.
                  | [Xom's grace]
  5145 | D:1      | XOM: god gift: scroll labelled FIGGAFU ZIAH {god gift}
  5492 | D:1      | XOM: noise
  5600 | D:1      | XOM: cloud trail
  6504 | D:1      | XOM is BORED!
  7681 | D:1      | XOM: give mutations
  7681 | D:1      | Lost mutation: You occasionally lose the ability to read
                  | scrolls when taking damage. [Xom's mischief]
  7681 | D:1      | Gained mutation: You passively map a small area around you.
                  | [Xom's mischief]
  7885 | D:1      | XOM: summons 3 hostile shadow creatures
  8636 | D:1      | XOM: silly message
  8774 | D:1      | XOM is BORED!
  8774 | D:1      | XOM: give mutations
  8774 | D:1      | Gained mutation: You sometimes lose your temper in combat.
                  | [Xom's mischief]
  8774 | D:1      | Gained mutation: You are very agile. (Dex +8, Str/Int -2)
                  | [Xom's mischief]
  8774 | D:1      | Lost mutation: You are very agile. (Dex +8, Str/Int -2)
                  | [Xom's mischief]
  8774 | D:1      | Gained mutation: You are occasionally teleported next to
                  | monsters. [Xom's mischief]
  8975 | D:1      | Quit the game

Illustrated notes

Levels and vault maps discovered:
D:1:      wander_arrival_fairy_ring, layout_loops_ring,
          shapermc_ecumenical_altar_mp_urbaneastern
D:2:      layout_basic

Skill      XL: |  1  2  3 |
---------------+----------+-----
Spellcasting   | 1 |  1.0
Conjurations   | 1 |  1.0
Hexes          | 1 |  1.0
Summonings     | 1 |  1.0
Necromancy     | 1 |  1.0
Translocations | 1 |  1.0
Fire Magic     | 1 |  1.0
Ice Magic      | 1 |  1.0
Air Magic      | 1 |  1.0
Earth Magic    | 1 |  1.0
Alchemy        | 1 |  1.0
Fighting       | |  3.1
Long Blades    | |  2.8
Armour         | |  1.3
Dodging        | |  2.4

Action                     || total
---------------------------++-------
  Melee: Falchion          ||    43
    Use: Scroll            ||     1
   Stab: Sleeping          ||     1
 Armour: Leather armour    ||    28
  Dodge: Dodged            ||    25

Table legend: (Time is in decaauts)
 A = Elapsed time spent in this place.
 B = Non-inter-level travel time spent in this place.
 C = Inter-level travel time spent in this place.
 D = Time resting spent in this place.
 E = Time spent auto-exploring this place.
 F = Levels seen in this place.
 G = Mean time per level.
                   A        B        C        D        E       F      G
               +--------+--------+--------+--------+--------+-----+--------+
         Total |   8983 |   8921 |     62 |   8231 |    545 |   2 | 4491.5 |
       Dungeon |   8983 |   8921 |     62 |   8231 |    545 |   2 | 4491.5 |
               +--------+--------+--------+--------+--------+-----+--------+

Top non-repeatable levels by time:
     D:1: 8471 daAuts
     D:2: 511 daAuts
